AoeStats
← no one

Arabia

504877729Analyzed
1v1 RM · 26d ago on Sep 6, 2026· 17m 21s· 2 players
Game mode
Random Map
Map size
Tiny (2 player)
Population
200
Speed
Normal
Resources
Standard
Victory
Conquest
Starting age
Dark Age
Ending age
Imperial Age
RankedLock teamsTeams togetherTeam positionsShared explorationLock speedFull tech treeHidden civsTurbo modeCheats
Victory
Defeat
🇦🇷 Gurjaras · Argentina
1586
+13
🇦🇷 Japanese · Argentina
1528
-13
Gernilian
6:46 Loom
9:28 Feudal Age
9:31 Man-at-Arms
11:18 Double-Bit Axe
no one
4:37 Loom
5:53 Loom
8:47 Feudal Age
9:19 Double-Bit Axe
10:15 Horse Collar
15:36 Town Watch
17:50 Fletching
Connection lost

Rejoining the realm…

Still unreachable

The connection could not be restored.

Session expired

The server has moved on; the page needs a fresh start.